Map: [ESL] Gresvan

Players

Serral - Winner!

  • Race: Zerg Zerg
  • Spawn Location: 11:00

herO

  • Race: Protoss Protoss
  • Spawn Location: 5:00

Event: IEM Katowice 2023

VOD

Have the link to the VOD?

Description

Time

  • Played on: Feb. 10, 2023, 3:42 p.m.
  • Length: 11:09

All games in this series

Show
View Real Time Build Order
Export as new Build Order

Serral Zerg - Winner!

Build Orders: Hatch First 

Get SALT Encoding   

  12  0:00  Drone  
  13  0:12  Overlord  
  13  0:16  Drone  
  14  0:30  Drone x2  
  16  0:44  Drone  
  17  0:51  Hatchery  
  17  0:54  Drone  
  17  0:58  Drone  
  18  1:09  Extractor  
  17  1:13  Spawning Pool  
  17  1:16  Drone  
  17  1:20  Drone  
  18  1:27  Drone  
  19  1:39  Drone  
  20  1:49  Overlord  
  20  2:00  Queen  
  22  2:04  Queen  
  22  2:05  Drone, Zergling x2  
  26  2:11  Zergling x2  
  26  2:13  Metabolic Boost  
  26  2:14  Drone  
  28  2:21  Drone  
  29  2:24  Drone  
  30  2:36  Hatchery  
  29  2:38  Drone  
  29  2:40  Drone  
  31  2:46  Queen  
  33  2:51  Overlord  
  33  2:54  Drone  
  33  2:56  Drone  
  33  2:57  Drone  
  36  3:03  Overlord  
  36  3:09  Queen  
  38  3:13  Drone x2  
  38  3:14  Drone  
  38  3:16  Drone  
  38  3:19  Drone  
  42  3:20  Drone  
  42  3:22  Drone  
  42  3:27  Queen  
  44  3:33  Overlord  
  46  3:34  Drone  
  46  3:35  Drone  
  46  3:39  Zergling x2  
  46  3:41  Zergling x4  
  51  3:50  Drone x2  
  51  3:51  Drone x2  
  51  3:55  Queen, Spore Crawler  
  52  3:56  Spore Crawler  
  52  3:58  Drone  
  54  4:07  Drone x5  
  59  4:11  Overlord  
  59  4:12  Drone  
  60  4:19  Zergling x2  
  60  4:20  Drone x2  
  63  4:25  Queen  
  63  4:30  Overlord, Roach Warren  
  64  4:33  Zergling x2  
  64  4:36  Drone x4  
  64  4:37  Drone x2  
  71  4:41  Overlord  
  71  4:42  Drone  
  71  4:43  Drone  
  73  4:48  Drone  
  73  4:52  Drone x4  
  78  4:55  Lair  
  78  4:56  Extractor  
  76  5:00  Drone x2  
  78  5:08  Drone x2, Zergling x2  
  78  5:10  Extractor  
  78  5:12  Drone, Hatchery  
  78  5:13  Evolution Chamber  
  78  5:14  Drone x2  
  81  5:18  Overlord, Drone x2  
  83  5:21  Overlord  
  83  5:26  Extractor, Drone x4  
  83  5:27  Drone  
  87  5:28  Extractor  
  87  5:32  Overlord  
  86  5:37  Drone x3  
  86  5:42  Zerg Missile Weapons Level 1  
  88  5:45  Spore Crawler  
  88  5:46  Roach x4  
  95  5:53  Glial Reconstitution  
  95  5:54  Extractor, Drone  
  95  5:55  Overseer  
  95  5:56  Drone  
  96  5:58  Overlord  
  96  6:02  Roach x3  
  102  6:04  Overlord  
  102  6:14  Infestation Pit, Baneling Nest  
  102  6:15  Roach  
  102  6:16  Overlord, Roach x2  
  106  6:20  Overlord  
  106  6:23  Overlord  
  106  6:28  Overlord  
  106  6:35  Drone x6  
  106  6:36  Drone x2  
  106  6:38  Roach x6  
  126  6:46  Overlord  
  126  6:51  Hive  
  126  6:55  Drone x5  
  126  6:56  Drone x3  
  126  6:59  Centrifugal Hooks  
  126  7:00  Drone  
  135  7:01  Overlord  
  135  7:02  Evolution Chamber  
  135  7:04  Roach x3  
  135  7:07  Roach x2  
  135  7:08  Zergling x2  
  145  7:13  Overlord  
  145  7:16  Overlord  
  145  7:17  Zergling x2  
  145  7:18  Zergling x10  
  145  7:22  Overlord  
  151  7:24  Ravager x2  
  151  7:25  Zergling x8, Ravager  
  151  7:28  Zerg Melee Weapons Level 1  
  158  7:35  Overlord  
  158  7:36  Zergling x10  
  163  7:39  Zergling x4  
  165  7:57  Zerg Missile Weapons Level 2  
  165  7:58  Zergling x12  
  171  8:01  Viper  
  171  8:02  Viper  
  171  8:03  Adrenal Glands  
  171  8:04  Zergling x12  
  183  8:08  Baneling  
  183  8:09  Baneling x7  
  183  8:11  Baneling  
  182  8:13  Zergling x10  
  182  8:17  Baneling x3  
  187  8:20  Zergling x12  
  187  8:24  Zergling x6  
  187  8:25  Hatchery  
  191  8:27  Baneling x7  
  191  8:33  Zergling x12  
  191  8:37  Zergling x4  
  190  8:41  Zergling x10  
  190  8:43  Baneling x10  
  178  8:49  Zergling x10  
  168  8:56  Zergling x14  
  168  9:00  Zergling x2  
  168  9:01  Zergling x2  
  168  9:02  Zergling x2  
  164  9:06  Zergling x2  
  155  9:11  Zergling x2  
  155  9:12  Zergling x8  
  155  9:15  Zergling x6  
  157  9:18  Zergling x4  
  157  9:21  Zergling x8  
  157  9:23  Zergling x2  
  157  9:24  Zergling x4  
  166  9:26  Zergling x2  
  166  9:27  Zergling x2  
  166  9:29  Extractor  
  167  9:32  Baneling x24  
  167  9:35  Roach x2  
  167  9:36  Roach  
  173  9:44  Drone x6  
  180  9:49  Zergling x12  
  181  9:53  Zergling x6  
  181  9:55  Zergling x2  
  181  9:59  Pneumatized Carapace, Zergling x6  
  184  10:00  Overseer  
  184  10:05  Zergling x4  
  186  10:07  Zergling x2  
  186  10:08  Hydralisk Den, Zergling x4  
  186  10:10  Baneling x4  
  180  10:18  Zergling x2  
  180  10:19  Zergling x20  
  177  10:22  Zergling x2  
  177  10:23  Zergling x10  
  177  10:27  Zergling x2  
  177  10:30  Zergling x2  
  177  10:34  Zergling x6  
  175  10:39  Zergling x14  
  172  10:45  Drone, Zergling x6  
  172  10:48  Zergling x12  
  168  10:52  Overseer  
  168  10:54  Lurker Den  
  159  11:01  Hatchery  
Show
View Real Time Build Order
Export as new Build Order

herO Protoss 

Build Orders: 1 Gate Expand, Oracle Opening 

Get SALT Encoding   

  12  0:00  Probe  
  13  0:14  Pylon  
  13  0:17  Probe (Chrono Boost)  
  14  0:27  Probe (Chrono Boost)  
  15  0:31  Probe (Chrono Boost)  
  16  0:42  Gateway  
  16  0:43  Probe  
  16  0:47  Assimilator  
  17  0:55  Probe  
  18  1:07  Probe  
  19  1:20  Probe  
  20  1:26  Nexus  
  20  1:35  Cybernetics Core  
  20  1:37  Probe  
  21  1:44  Assimilator  
  21  1:49  Probe  
  22  1:54  Pylon  
  22  2:02  Probe (Chrono Boost)  
  23  2:12  Adept  
  23  2:14  Probe (Chrono Boost)  
  26  2:17  Stargate  
  26  2:22  Probe (Chrono Boost)  
  27  2:27  Warp Gate  
  27  2:28  Probe (Chrono Boost)  
  28  2:39  Probe (Chrono Boost)  
  28  2:40  Probe (Chrono Boost)  
  28  2:42  Adept  
  32  2:47  Probe (Chrono Boost)  
  32  2:48  Probe (Chrono Boost)  
  34  2:52  Probe (Chrono Boost)  
  34  2:54  Probe  
  36  3:00  Oracle (Chrono Boost)  
  36  3:05  Probe  
  40  3:06  Probe  
  40  3:11  Pylon  
  41  3:19  Probe  
  43  3:20  Probe  
  43  3:21  Gateway  
  43  3:29  Oracle (Chrono Boost)  
  43  3:33  Probe x2  
  48  3:46  Nexus  
  48  3:51  Probe x2  
  48  3:55  Pylon  
  50  4:02  Assimilator  
  50  4:03  Probe, Oracle (Chrono Boost)  
  50  4:04  Assimilator  
  50  4:08  Pylon  
  54  4:13  Forge, Probe  
  54  4:15  Probe  
  56  4:22  Twilight Council  
  56  4:25  Probe (Chrono Boost)  
  56  4:29  Probe (Chrono Boost)  
  58  4:32  Robotics Facility  
  58  4:38  Probe (Chrono Boost)  
  59  4:44  Probe (Chrono Boost)  
  61  4:46  Protoss Ground Weapons Level 1 (Chrono Boost), Probe (Chrono Boost)  
  61  4:47  Gateway  
  61  4:50  Gateway  
  61  4:51  Probe (Chrono Boost)  
  64  5:00  Probe x2 (Chrono Boost)  
  64  5:06  Probe (Chrono Boost)  
  65  5:10  Probe (Chrono Boost)  
  65  5:11  Assimilator  
  65  5:12  Blink  
  65  5:13  Assimilator  
  65  5:14  Probe (Chrono Boost)  
  67  5:17  Probe (Chrono Boost)  
  67  5:20  Stalker  
  67  5:21  Probe (Chrono Boost)  
  72  5:22  Probe x2 (Chrono Boost), Observer  
  72  5:28  Pylon  
  74  5:29  Robotics Bay  
  74  5:30  Probe  
  74  5:32  Robotics Facility, Probe  
  74  5:33  Stalker  
  78  5:40  Probe  
  78  5:42  Gateway, Probe  
  78  5:44  Gateway, Probe  
  78  5:45  Warp Prism (Chrono Boost)  
  81  5:54  Gateway  
  81  5:57  Shield Battery  
  81  5:58  Probe  
  81  5:59  Probe x2  
  84  6:06  Stalker x3  
  84  6:11  Probe  
  90  6:12  Pylon  
  90  6:17  Gateway  
  90  6:18  Pylon  
  90  6:27  Pylon  
  96  6:34  Colossus x2 (Chrono Boost)  
  96  6:36  Extended Thermal Lance (Chrono Boost)  
  102  6:40  Protoss Ground Weapons Level 2 (Chrono Boost), Probe  
  102  6:42  Stalker x2  
  102  6:46  Pylon  
  107  7:03  Pylon  
  107  7:04  Pylon x2  
  107  7:12  Stalker x2  
  117  7:21  Colossus (Chrono Boost)  
  123  7:24  Stalker x3  
  129  7:33  Stalker x3  
  135  7:38  Pylon  
  135  7:40  Pylon  
  135  7:46  Stalker x2  
  136  7:52  Stalker x3  
  142  8:00  Stalker x3  
  142  8:08  Pylon  
  142  8:11  Stalker x2  
  146  8:15  Pylon  
  146  8:17  Pylon  
  146  8:20  Stalker x3  
  150  8:32  Stalker x3  
  154  8:34  Stalker x2  
  158  8:43  Stalker x3  
  110  9:03  Stalker x5  
  104  9:11  Observer  
  104  9:15  Colossus x2 (Chrono Boost)  
  94  9:18  Stalker x3  
  112  9:26  Stalker  
  112  9:27  Stalker x3  
  120  9:37  Probe  
  121  9:40  Pylon  
  121  9:44  Nexus  
  119  9:54  Immortal (Chrono Boost)  
  119  9:55  Immortal (Chrono Boost)  
  119  9:58  Stalker x4  
  135  10:03  Pylon  
  135  10:08  Stalker x3  
  94  10:28  Stalker x5  
  94  10:34  Stalker x3  
  76  10:51  Stalker  
  76  10:52  Stalker x2  

Tags
 
Add a new tag
Caveats
  • Supply blocks, unpowered buildings, or Contaminate may cause inaccurate times.
  • Supply counts are checked every 10 seconds.